 Dungeon Crawl Stone Soup version 0.28.0-47-ge53b351184 (webtiles) character file.

Game seed: 8118928486370087584

17425 Gabide the Merchant of Misery (level 12, -2/93 HPs)
             Began as a Mummy Necromancer on May 6, 2022.
             Was a Believer of Kikubaaqudgha.
             Slain by a boulder beetle (54 damage)
             ... on level 12 of the Dungeon.
             The game lasted 00:56:32 (20663 turns).

Gabide the Merchant of Misery (Mummy Necromancer)  Turns: 20663, Time: 00:56:34

Health: -2/93      AC: 12    Str: 14    XL:     12   Next: 18%
Magic:  14/26      EV: 13    Int: 19    God:    Kikubaaqudgha [**....]
Gold:   1055       SH:  0    Dex: 13    Spells: 16/31 levels left

rFire   + . .      SeeInvis .   t - +9 mace of Gozag's Brutal Revenge {vorpal, Will++}
rCold   + . .      Faith    .   (no shield)
rNeg    + + +      Spirit   .   h - +2 ring mail {rF+}
rPois   ∞          Reflect  .   c - +1 hat
rElec   .          Harm     .   d - +0 cloak {Stlth+}
rCorr   +          Rampage  .   k - +1 pair of gloves {Str+3}
Will    +++..                   (no boots)
Stlth   ++........              g - amulet of regeneration
HPRegen 1.05/turn               i - ring of protection from fire
MPRegen 0.20/turn               a - ring of resist corrosion

@: no status effects
A: cold resistance 1, negative energy resistance 3, torment resistance 2, heat
vulnerability 1, no potions
a: Renounce Religion, Receive Corpses


You were on level 12 of the Dungeon.
You worshipped Kikubaaqudgha.
Kikubaaqudgha was pleased with you.
You visited 2 branches of the dungeon, and saw 14 of its levels.

You collected 1553 gold pieces.
You spent 498 gold pieces at shops.

Inventory:

Hand Weapons
 t - the +9 mace of Gozag's Brutal Revenge (weapon) {vorpal, Will++}
   (You found it on level 12 of the Dungeon)

   It inflicts extra damage upon your enemies.
   Will:      It greatly increases your willpower.
Missiles
 l - a throwing net
Armour
 c - a +1 hat (worn)
 d - a +0 cloak of stealth (worn)
 h - a +2 ring mail of fire resistance (worn)
 k - a +1 pair of gloves of strength (worn)
Jewellery
 a - a ring of resist corrosion (right hand)
 g - an amulet of regeneration (around neck)
 i - a ring of protection from fire (left hand)
Wands
 j - a wand of polymorph (44)
 n - a wand of flame (32)
 r - a wand of iceblast (3)
 u - a wand of paralysis (13)
Scrolls
 b - a scroll of identify
 e - a scroll of silence
 f - 2 scrolls of magic mapping
 m - 2 scrolls of amnesia
 o - a scroll of blinking
 p - a scroll of noise
 q - a scroll of vulnerability
 v - a scroll of enchant weapon {unknown}
Miscellaneous
 s - a piece from Xom's chessboard (15/15)


   Skills:
 + Level 8.3 Fighting
 * Level 1.3 Maces & Flails
 - Level 4.0 Armour
 + Level 7.2 Dodging
 - Level 1.5 Stealth
 + Level 6.3 Unarmed Combat
 + Level 10.2 Spellcasting
 * Level 11.6 Necromancy


You had 16 spell levels left.
You knew the following spells:

 Your Spells              Type           Power      Damage    Failure   Level
a - Pain                  Necr           100%       1d9       1%          1
b - Vampiric Draining     Necr           52%        2d9       1%          3
c - Animate Dead          Necr           26%        N/A       1%          4
d - Agony                 Necr           52%        N/A       3%          5
e - Corpse Rot            Necr/Air       62%        N/A       1%          2

Your spell library contained the following spells:

 Spells                   Type           Power      Damage    Failure   Level
 Animate Skeleton         Necr           100%       N/A       1%          1
 Excruciating Wounds      Necr           26%        N/A       3%          5
 Magic Dart               Conj           36%        1d4       14%         1
 Searing Ray              Conj           18%        2d5       22%         2
 Dazzling Flash           Conj/Hex       18%        N/A       38%         3
 Fulminant Prism          Conj/Hex       4%         3d6       80%         4
 Iskenderun's Mystic Bla  Conj/Tloc      9%         2d4       80%         4
 Petrify                  Tmut/Erth      9%         N/A       80%         4
 Irradiate                Conj/Tmut      4%         3d15      98%         5
 Starburst                Conj/Fire      4%         6d4       100%        6
 Sublimation of Blood     Necr           Unusable   N/A       N/A         2

Dungeon Overview and Level Annotations

Branches:
Dungeon (13/15)            Temple (1/1) D:5            Lair (0/6) D:8
    Orc (0/2) D:12
 Vaults: D:13-14

Altars:
Ashenzari
Cheibriados
Dithmenos
Elyvilon
Fedhas
Gozag
Hepliaklqana
Kikubaaqudgha
Makhleb
Nemelex Xobeh
Okawaru
Qazlal
Ru
Sif Muna
Trog
Uskayaw
Vehumet
Wu Jian
Xom
Yredelemnul
Zin
The Shining One

Shops:
D:1 *   D:4 [   D:6 [   D:7 !

Portals:
Trove: D:11 (give +2 storm dragon scales)

Annotations:
D:4 3 runed translucent doors, CryoSword's ghost, amateur DsMo


Innate Abilities, Weirdness & Mutations

You are immune to poison.
Your flesh is cold resistant. (rC+)
You are immune to negative energy. (rN+++)
You are immune to unholy pain and torment.
You are vulnerable to heat. (rF-)
You do not drink.


Message History

* * * LOW HITPOINT WARNING * * *
The boulder beetle stops rolling and uncurls.
You climb upwards.
There is a stone staircase leading down here.
Aiming: Vampiric Draining (safe; 1% risk of failure)
Press: ? - help, Q - select action, (/) - cycle Shift-Dir - straight line, f - boulder beetle
Aim: a boulder beetle You draw life force from the boulder beetle!
You feel life coursing into your body. The boulder beetle misses you.
Aiming: Vampiric Draining (safe; 1% risk of failure)
Press: ? - help, Q - select action, (/) - cycle Shift-Dir - straight line, f/p - boulder beetle
Aim: a boulder beetle (lightly wounded)
You draw life force from the boulder beetle!
You feel life coursing into your body.
The boulder beetle completely misses you.
Aiming: Vampiric Draining (safe; 1% risk of failure)
Press: ? - help, Q - select action, (/) - cycle Shift-Dir - straight line, f/p - boulder beetle
Aim: a boulder beetle (moderately wounded)
You draw life force from the boulder beetle!
You feel life coursing into your body!
The boulder beetle leaps!
The boulder beetle waves its antennae.
The boulder beetle curls into a ball and begins rolling!
A boulder beetle is nearby!
Okay, then.
Press: ? - help, v - describe, . - travel
Here: a boulder beetle (moderately wounded, rolling)
The floor.
Unknown command.
Okay, then.
Casting: Vampiric Draining (safe; 1% risk of failure)
Confirm with . or Enter, or press ? or * to list all spells.
Aiming: Agony (dangerous; 3% risk of failure)
Press: ? - help, Shift-Dir - straight line, f/p - boulder beetle
Aim: a boulder beetle (moderately wounded, rolling, chance to affect: 94%)
The boulder beetle convulses!
The boulder beetle hits you!!!
Ouch! That really hurt!
You die...
Kikubaaqudgha rasps: "You have failed me!
Welcome... oblivion!"

####### #.#.............#
#.....# #.####....).....+
#.....# #.# #..........#
#.....###.##########.####
#....................# #
#.....####.##############
##.#...............#...).
#.#>....................
#.#○###@#.........#.####
#.#○###B...#####..#.####
#.#.°○°....'............
######.#####....#####..#.###.
#..[...# #....# #..#.....
#####.##########....#
#..#####.
#......).........#.## #..# #.
##.##.##########.#.######..#
#.
#.##.############.#.......#
#.


You could see a boulder beetle (rolling).

Vanquished Creatures
  2 boulder beetles (D:8)
  3 two-headed ogres
  2 centaur warriors
  Pikel (D:7)
  A manticore (D:9)
  2 cyclopes
  An unseen horror (D:12)
  Maggie (D:7)
  An efreet (D:13)
  A hornet (D:10)
  2 trolls
  3 slime creatures (D:12)
  A shadow (D:9)
  3 wraiths (D:10)
  2 wyverns (D:8)
  13 yaks
  Sigmund (D:5)
  A basilisk (D:11)
  A steam dragon (D:7)
  2 acid dragons
  5 water moccasins
  2 orc warriors
  3 ice beasts
  A sky beast (D:6)
  2 ogres
  3 centaurs
  2 kobold brigands
  3 gnoll sergeants
  2 scorpions
  A wyvern skeleton (D:7)
  A water moccasin skeleton (D:5)
  8 killer bees
  2 wights
  2 centaur zombies
  2 howler monkeys
  2 hounds
  A gnoll shaman (D:7)
  2 orc priests
  2 jellies (D:6)
  3 iguanas
  15 orc wizards
  14 gnolls
  4 adders
  A shadow imp (D:6)
  2 white imps
  An ufetubus (D:6)
  An adder zombie (D:5)
  4 worms
  3 dart slugs
  21 orcs
  6 bats
  5 endoplasms
  4 giant cockroaches
  5 goblins
  9 hobgoblins
  8 jackals
  4 quokkas
  8 ball pythons
  A frilled lizard (D:2)
  17 kobolds
  5 rats
  A bush (D:8)
232 creatures vanquished.

Vanquished Creatures (collateral kills)
  Josephine (D:10)
  An ugly thing (D:13)
  A gargoyle (D:8)
  A shadow (D:10)
  3 yaks
  2 wraiths (D:10)
  A kobold brigand (D:9)
  2 wights (D:8)
  An iguana (D:8)
  An orc wizard (D:5)
  5 gnolls
  An orc (D:9)
  A kobold (D:9)
21 creatures vanquished.

Vanquished Creatures (others)
  3 bushes (D:8)
  A fungus (D:8)
  23 plants (D:8)
27 creatures vanquished.

Grand Total: 280 creatures vanquished

Notes
Turn   | Place    | Note
-------+----------+-------------------------------------------
     0 | D:1      | Gabide the Mummy Necromancer began the quest for the Orb.
     0 | D:1      | Reached XP level 1. HP: 13/13 MP: 4/4
   120 | D:1      | You fall into a shaft and drop 1 floor!
   383 | D:1      | Reached XP level 2. HP: 20/20 MP: 1/5
   827 | D:1      | Found Visum's Assorted Antiques.
   835 | D:1      | Bought a scroll labelled XIMEHE QUKHLAEDI for 20 gold
                  | pieces
  1163 | D:1      | Reached skill level 1 in Fighting
  1308 | D:2      | Found a faded altar of an unknown god.
  1426 | D:1      | Reached XP level 3. HP: 15/26 MP: 0/7
  1557 | D:1      | Learned a level 3 spell: Vampiric Draining
  3123 | D:3      | Reached XP level 4. HP: 32/32 MP: 5/8
  4240 | D:4      | Reached skill level 1 in Unarmed Combat
  4240 | D:4      | Reached XP level 5. HP: 38/38 MP: 4/10
  4300 | D:4      | Noticed CryoSword's ghost (amateur DsMo)
  4309 | D:4      | Found a runed translucent gate.
  4309 | D:4      | Found a runed translucent gate.
  4309 | D:4      | Found a runed translucent gate.
  4316 | D:4      | Learned a level 4 spell: Animate Dead
  4541 | D:4      | Found Cemuos's Armour Emporium.
  4541 | D:4      | Noticed an ogre
  4542 | D:4      | Identified a scroll of acquirement
  4565 | D:3      | Acquired 661 gold pieces
  4637 | D:1      | Bought a scroll of identify for 40 gold pieces
  4776 | D:4      | Bought a +0 cloak of stealth for 149 gold pieces
  4776 | D:4      | Bought a +0 pair of gloves for 58 gold pieces
  4883 | D:4      | Killed an ogre
  5132 | D:5      | Entered Level 5 of the Dungeon
  5136 | D:5      | Found a staircase to the Ecumenical Temple.
  5148 | Temple   | Entered the Ecumenical Temple
  5166 | Temple   | Became a worshipper of Kikubaaqudgha
  5617 | D:5      | Reached XP level 6. HP: 27/46 MP: 12/12
  5774 | D:5      | Noticed an ice beast
  5784 | D:5      | Killed an ice beast
  5785 | D:5      | Reached skill level 5 in Necromancy
  6154 | D:5      | Learned a level 5 spell: Agony
  6384 | D:5      | Noticed Sigmund
  6391 | D:5      | Killed Sigmund
  6392 | D:5      | Reached skill level 5 in Spellcasting
  6392 | D:5      | Reached XP level 7. HP: 45/52 MP: 6/14
  7261 | D:6      | Found Meom's Armour Shop.
  7280 | D:6      | Bought a +1 pair of gloves of strength for 231 gold pieces
  7983 | D:6      | Reached skill level 6 in Necromancy
  7983 | D:6      | Reached XP level 8. HP: 60/60 MP: 14/16
  9294 | D:7      | Reached * piety under Kikubaaqudgha
  9294 | D:7      | Received a gift from Kikubaaqudgha
  9493 | D:6      | Reached skill level 7 in Necromancy
  9614 | D:6      | Reached skill level 5 in Fighting
  9732 | D:6      | Reached XP level 9. HP: 10/68 MP: 2/19
  9982 | D:7      | Noticed Maggie
  9994 | D:7      | Killed Maggie
 10105 | D:7      | Found a blossoming altar of Fedhas.
 10310 | D:7      | Found Homoxaxu's Distillery.
 10497 | D:7      | Reached skill level 5 in Dodging
 10655 | D:7      | Found an opulent altar of Gozag.
 10655 | D:7      | Found a broken altar of Ashenzari.
 10943 | D:8      | Noticed a two-headed ogre
 10950 | D:8      | Killed a two-headed ogre
 10951 | D:8      | Reached skill level 1 in Armour
 10951 | D:8      | Reached skill level 8 in Necromancy
 11169 | D:8      | Noticed Pikel
 11180 | D:7      | Killed Pikel
 11549 | D:8      | Reached XP level 10. HP: 76/76 MP: 11/21
 11835 | D:8      | Noticed a gargoyle
 11853 | D:8      | Killed a gargoyle
 11984 | D:8      | Reached skill level 9 in Necromancy
 12354 | D:8      | Found a staircase to the Lair.
 12503 | D:8      | Found a sacrificial altar of Ru.
 12863 | D:9      | Noticed a boulder beetle
 12864 | D:9      | Noticed a manticore
 13005 | D:8      | Killed a boulder beetle
 13006 | D:8      | Reached skill level 5 in Unarmed Combat
 13136 | D:9      | Killed a manticore
 13531 | D:9      | Noticed a two-headed ogre
 13544 | D:9      | Noticed a centaur warrior
 13676 | D:8      | Reached XP level 11. HP: 81/84 MP: 0/23
 13865 | D:9      | Noticed a boulder beetle
 14118 | D:8      | Killed a boulder beetle
 14119 | D:8      | Reached skill level 10 in Necromancy
 14335 | D:10     | Entered Level 10 of the Dungeon
 14337 | D:10     | Reached ** piety under Kikubaaqudgha
 14387 | D:10     | Killed a two-headed ogre
 16114 | D:9      | Killed a centaur warrior
 16313 | D:9      | Learned a level 2 spell: Corpse Rot
 16436 | D:9      | Identified the +0 ring mail "Waosoisi" {rPois Int+3}
 16704 | D:9      | Found a radiant altar of Vehumet.
 17967 | D:11     | Noticed Josephine
 17994 | D:10     | Reached skill level 11 in Necromancy
 18014 | D:10     | Killed Josephine
 18312 | D:11     | Noticed a two-headed ogre
 18317 | D:11     | Killed a two-headed ogre
 18318 | D:11     | Reached skill level 10 in Spellcasting
 18472 | D:11     | Found a portal to a secret trove of treasure.
 19505 | D:12     | Reached XP level 12. HP: 79/92 MP: 11/26
 19610 | D:12     | Identified the amulet "Duvvoff" {Spirit rF+}
 19729 | D:12     | Found an iron altar of Okawaru.
 19736 | D:12     | Found a staircase to the Orcish Mines.
 19741 | D:12     | Identified the +9 mace of Gozag's Brutal Revenge {vorpal,
                  | Will++}
 20390 | D:13     | Noticed a centaur warrior
 20399 | D:13     | Killed a centaur warrior
 20400 | D:13     | Reached skill level 1 in Maces & Flails
 20634 | D:13     | Noticed a boulder beetle
 20663 | D:12     | Slain by a boulder beetle

Illustrated notes

Levels and vault maps discovered:
D:1:      eino_arrival_druids_welcome, layout_basic, serial_shops,
          nicolae_shop_overgrown_old_shop
D:2:      layout_rooms, shapermc_ecumenical_altar_mp_vishouse
D:3:      layout_loops_cross
D:4:      layout_cave_pools, gammafunk_ghost_split, serial_shops,
          nicolae_lakefront_shop
D:5:      layout_loops_corners, minmay_temple_entry_trees,
          hangedman_decor_opposing, uniq_sigmund
D:6:      layout_basic, serial_shops, nicolae_shop_behind_doors
D:7:      layout_basic, amcnicky_altar_gilded, grunt_temple_overflow_open,
          serial_shops, nicolae_shop_advertising_works
          [nicolae_subvault_shop_adworks], nicolae_water_bricks, uniq_maggie
D:8:      layout_rooms, nicolae_ru_path_of_blood, marbit_many_paths,
          minmay_lair_entry_grove, uniq_pikel
D:9:      minmay_cut_squares, layout_stronghold, vehumet_crystals
D:10:     layout_rooms, minmay_splitting_lines
D:11:     layout_gridville, nicolae_trove_entry_crystal, uniq_josephine
D:12:     layout_basic, orc_0_dummy, okawaru_ov_weapons_minmay
D:13:     layout_rooms, eino_jars
Temple:   nicolae_temple_elliptical

Skill      XL: |  1  2  3  4  5  6  7  8  9 10 11 12 |
---------------+-------------------------------------+-----
Spellcasting   | 3 4 5 6 7 8 10 | 10.2
Fighting       | 1 2 3 4 5 6 7 8 |  8.3
Dodging        | 2 3 4 5 6 7 |  7.2
Unarmed Combat | 1 2 3 4 5 6 |  6.3
Necromancy     | 5 6 7 8 9 11 | 11.6
Armour         | 1 3 4 |  4.0
Maces & Flails | 1 |  1.3
Stealth        | |  1.5

Action                   |  1- 3 |  4- 6 |  7- 9 | 10-12 || total
-------------------------+-------+-------+-------+-------++-------
Melee: Unarmed           |    41 |    51 |   135 |   303 ||   530
       Punch             |       |     2 |     5 |    10 ||    17
       Mace              |       |       |       |     7 ||     7
 Cast: Pain              |   103 |    91 |    78 |    99 ||   371
       Vampiric Draining |       |    13 |    92 |   135 ||   240
       Animate Dead      |       |     2 |     4 |    25 ||    31
       Agony             |       |       |       |    33 ||    33
       Corpse Rot        |       |       |       |     2 ||     2
Invok: Receive Corpses   |       |       |     1 |     8 ||     9
Evoke: Wand              |       |       |       |    10 ||    10
  Use: Scroll            |     1 |     5 |     6 |     5 ||    17
 Stab: Sleeping          |       |     1 |     1 |       ||     2
       Distracted        |       |       |     1 |     1 ||     2
Armor: Robe              |    18 |    24 |    56 |       ||    98
       Ring mail         |       |       |    14 |   238 ||   252
Dodge: Dodged            |    44 |    24 |   194 |   370 ||   632
